 Dungeon Crawl Stone Soup version 0.25-a0-73-g9796ba8d15 (webtiles) character file.

Game seed: 10345332519133323830, levelgen mode: deterministic

24510 Gargoyl the Schismatic (level 12, -3/100 HPs)
             Began as a Centaur Abyssal Knight on Nov 6, 2019.
             Was an Elder of Lugonu.
             Slain by a catoblepas (30 damage)
             ... on level 4 of the Lair of Beasts.
             The game lasted 00:24:31 (20056 turns).

Gargoyl the Schismatic (Centaur Abyssal Knight)    Turns: 20056, Time: 00:24:32

Health: -3/100     AC: 21    Str: 25    XL:     12   Next: 81%
Magic:  16/19      EV:  9    Int: 11    God:    Lugonu [****..]
Gold:   1265       SH: 11    Dex: 12    Spells: 10/11 levels left

rFire    . . .     SeeInvis +   e - +6 rapier (venom)
rCold    . . .     Gourm    .   f - +0 shield
rNeg     . . .     Faith    .   y - +2 leather armour "Nixeynk" {Str+5}
rPois    .         Spirit   .   F - +2 hat {SInv}
rElec    .         Reflect  .   g - +2 cloak
rCorr    .         Harm     .   w - +2 pair of gloves (curse)
MR       .....                  E - +0 centaur barding {Stlth+}
Stlth    ++........             (no amulet)
HPRegen  0.26/turn              x - +3 ring of strength
MPRegen  0.16/turn              q - ring of flight

@: very quick
A: large, hooves 3, deformed body, speed 2, tough skin 3
a: Depart the Abyss, Bend Space, Banish, Corrupt, Renounce Religion, Evoke
Flight


You were on level 4 of the Lair of Beasts.
You worshipped Lugonu.
Lugonu was greatly pleased with you.
You were not hungry.

You visited 2 branches of the dungeon, and saw 15 of its levels.
You visited the Abyss 1 time.

You collected 1362 gold pieces.
You spent 97 gold pieces at shops.

Inventory:

Hand Weapons
 a - a +1 hand axe of flaming
 e - a +6 rapier of venom (weapon)
Missiles
 b - 10 javelins (quivered)
Armour
 f - a +0 shield (worn)
 g - a +2 cloak (worn)
 w - a cursed +2 pair of gloves (worn)
 y - the +2 leather armour "Nixeynk" (worn) {Str+5}
   (You found it on level 7 of the Dungeon)

   It affects your strength (+5).
 E - a +0 centaur barding of stealth (worn)
 F - a +2 hat of see invisible (worn)
Jewellery
 q - a ring of flight (right hand)
 x - a +3 ring of strength (left hand)
Wands
 m - a wand of iceblast (7)
 u - a wand of flame (21)
 A - a wand of acid (25)
Scrolls
 d - 3 scrolls of immolation
 h - 7 scrolls of teleportation
 j - 4 scrolls of identify
 o - 3 scrolls of fear
 t - 2 scrolls of fog
 v - 2 scrolls of magic mapping
 B - 2 scrolls of remove curse
 C - 2 scrolls of holy word
 D - a scroll of brand weapon
Potions
 i - 2 potions of heal wounds
 k - 4 potions of curing
 l - 2 potions of cancellation
 n - 3 potions of flight
 s - 2 potions of magic
Comestibles
 c - 19 rations


   Skills:
 + Level 7.6 Fighting
 + Level 9.4 Short Blades
 + Level 2.2 Axes
 + Level 1.3 Throwing
 * Level 7.9 Armour
 + Level 4.3 Dodging
 * Level 7.8 Shields
 + Level 0.3 Ice Magic
 * Level 10.4 Invocations
 + Level 0.2 Evocations


You had 10 spell levels left.
You knew the following spells:

 Your Spells              Type           Power        Failure   Level  Hunger
a - Freeze                Ice            #...         41%         1    ##.....

Your spell library contained the following spells:

 Spells                   Type           Power        Failure   Level  Hunger
 Flame Tongue             Conj/Fire      #....        45%         1    ##.....
 Summon Butterflies       Summ           #.......     45%         1    ##.....
 Throw Frost              Conj/Ice       #.....       58%         2    ###....
 Throw Flame              Conj/Fire      #.....       61%         2    ###....
 Ozocubu's Armour         Chrm/Ice       #.......     82%         3    ####...
 Call Canine Familiar     Summ           #.......     83%         3    ####...
 Conjure Flame            Conj/Fire      #.......     83%         3    ####...
 Inner Flame              Hex/Fire       #.......     83%         3    ####...
 Sticky Flame             Conj/Fire      #.......     99%         4    #####..
 Summon Ice Beast         Ice/Summ       #.......     99%         4    #####..
 Throw Icicle             Conj/Ice       #.......     99%         4    #####..
 Fireball                 Conj/Fire      #.........   100%        5    ######.
 Summon Mana Viper        Hex/Summ       #.......     100%        5    ######.
 Summon Hydra             Summ           #.........   100%        7    #######


Dungeon Overview and Level Annotations

Branches:
Dungeon (10/15)            Temple (0/1) D:6            Lair (5/6) D:10
  Swamp (0/4) Lair:2       Spider (0/4) Lair:3          Orc (0/2) D:10
  Slime: Lair:5-6

Altars:
Gozag
Wu Jian

Shops:
D:4 *   D:9 ?

Portals:
Trove: D:10 (give 16 scrolls of teleportation)

Annotations:
Lair:4 corrupted
Lair:5 Urug


Innate Abilities, Weirdness & Mutations

You have hooves in place of feet.
Armour fits poorly on your strangely shaped body.
You cover ground very quickly.
You have extremely tough skin. (AC +3)


Message History

You hit the catoblepas but do no damage.
The catoblepas looks as sick as possible!
You kick the catoblepas, but do no damage.
The catoblepas is lightly wounded.
You block the catoblepas's attack.
You puncture the catoblepas!
The catoblepas looks as sick as possible!
You kick the catoblepas!
The catoblepas is heavily wounded.
You block the catoblepas's attack.
You hit the catoblepas but do no damage.
The catoblepas looks as sick as possible!
You kick the catoblepas.
The catoblepas is heavily wounded.
You hit the catoblepas.
The catoblepas looks as sick as possible!
You kick the catoblepas, but do no damage.
The catoblepas is heavily wounded.
The catoblepas gores you!!
You die...

................P............#.#
...............##.............##
...............#..........#...#
..............................###
.....................P#.........#
.........#...........##..#...####
.......................#.....###
.......#........Y>.)#...#.###..#
.......#...##.#.@...#...#..#####
.........#.#.###.....#....##
........###...##.>...##.#.##
...#...............#..#....#
##..#...#.....#......####.##
#...#.###..#...#..### ###
#.#######.#.#.....# ###
#......###.# ######## ###


You could see a catoblepas.

Vanquished Creatures
  Gastronok (Lair:3)
  A hydra (Lair:4)
  A two-headed ogre (D:10)
  Pikel (D:4)
  2 wolf spiders (Lair:3)
  An elephant (Lair:2)
  A cyclops (D:7)
  4 black mambas
  5 spiny frogs
  A komodo dragon (Lair:5)
  2 trolls
  A queen bee (Lair:1)
  Prince Ribbit (D:6)
  4 blink frogs (Lair:3)
  10 hippogriffs
  Sigmund (D:6)
  3 wyverns
  A redback (Lair:3)
  2 hungry ghosts
  11 yaks
  A basilisk (Lair:4)
  Eustachio (D:4)
  Menkaure (D:5)
  6 water moccasins
  11 porcupines
  2 sky beasts
  3 orc warriors
  2 black bears
  A slave (D:4)
  A phantom (D:5)
  2 ice beasts
  5 wolves
  3 ogres
  7 crocodiles
  3 centaurs
  2 big kobolds
  Blork the orc (D:4)
  13 bullfrogs
  A gnoll sergeant (D:7)
  2 scorpions
  34 killer bees
  2 electric eels (D:10)
  5 howler monkeys
  8 wights
  6 crimson imps
  2 bullfrog zombies
  A centaur zombie (D:7)
  9 hounds
  3 jellies
  A gnoll shaman (D:6)
  4 orc priests
  Crazy Yiuf (D:5)
  A centaur skeleton (D:8)
  5 iguanas
  Natasha (D:4)
  6 orc wizards
  7 worker ants
  A hound zombie (D:8)
  2 worker ant zombies
  8 gnolls
  6 adders
  2 shadow imps
  An ooze (D:6)
  An adder skeleton (D:7)
  2 worms
  2 dart slugs (D:1)
  5 leopard geckos
  17 orcs
  3 ball pythons
  6 giant cockroaches
  9 hobgoblins
  7 jackals (D:2)
  14 kobolds
  6 quokkas
  12 bats
  A frilled lizard (D:3)
  6 goblins
  A jackal zombie (D:7)
  A leopard gecko skeleton (D:4)
  A leopard gecko zombie (D:7)
  A quokka skeleton (D:9)
  9 rats
  3 fungi
345 creatures vanquished.

Vanquished Creatures (others)
  Rupert (Lair:4)
  2 unseen horrors (D:10)
  The ghost of Shinnjin the Chopper, a novice GrFi of Okawaru (D:6)
  2 bog bodies (Lair:2)
  2 electric eels (D:10)
  Natasha (twice) (D:4)
  A worm (D:4)
  An orc (D:4)
  A fungus (Lair:4)
  A plant (Lair:3)
14 creatures vanquished.

Grand Total: 359 creatures vanquished

Notes
Turn   | Place    | Note
-------+----------+-------------------------------------------
     0 | Abyss:1  | Gargoyl the Centaur Abyssal Knight began the quest for the
                  | Orb.
     0 | Abyss:1  | Reached XP level 1. HP: 19/19 MP: 2/2
    33 | Abyss:1  | Noticed a small abomination
    46 | Abyss:1  | Noticed a quasit
   103 | Abyss:2  | Noticed a small abomination
   116 | Abyss:2  | Noticed a necromancer
   116 | Abyss:2  | Noticed a titan zombie
   118 | Abyss:2  | Noticed a golden dragon zombie
   120 | D:1      | Escaped the Abyss
   206 | D:1      | Reached * piety under Lugonu
   234 | D:1      | Reached XP level 2. HP: 25/26 MP: 3/3
  1025 | D:1      | Reached XP level 3. HP: 30/31 MP: 4/4
  1967 | D:2      | Noticed a black bear
  1985 | D:2      | Killed a black bear
  1985 | D:2      | Reached skill level 1 in Short Blades
  1985 | D:2      | Reached skill level 1 in Dodging
  1985 | D:2      | Reached skill level 1 in Shields
  1985 | D:2      | Reached skill level 3 in Invocations
  1985 | D:2      | Reached XP level 4. HP: 31/40 MP: 6/6
  1985 | D:2      | Reached XP level 5. HP: 36/46 MP: 7/7
  2296 | D:2      | Reached ** piety under Lugonu
  3000 | D:4      | Noticed a slave
  3000 | D:4      | Noticed a slave
  3000 | D:4      | Noticed a slave
  3000 | D:4      | Noticed Pikel
  3001 | D:4      | Noticed a slave
  3018 | D:4      | Killed a slave
  3043 | D:4      | Killed Pikel
  3043 | D:4      | Reached XP level 6. HP: 25/52 MP: 8/8
  3043 | D:4      | Reached XP level 7. HP: 28/59 MP: 9/9
  3217 | D:4      | Reached skill level 4 in Invocations
  3343 | D:4      | Noticed Blork the orc
  3352 | D:4      | Killed Blork the orc
  3463 | D:4      | Found an opulent altar of Gozag.
  3463 | D:4      | Noticed Natasha
  3467 | D:4      | Found Gozag's Platinum Reserve.
  3471 | D:4      | Killed Natasha
  3755 | D:4      | Killed Natasha
  3903 | D:4      | Reached XP level 8. HP: 30/66 MP: 11/11
  3984 | D:4      | Killed Natasha
  4275 | D:4      | Noticed Eustachio
  4302 | D:4      | Killed Eustachio
  4518 | D:5      | Entered Level 5 of the Dungeon
  4586 | D:5      | Reached *** piety under Lugonu
  4751 | D:5      | Noticed Menkaure
  5203 | D:5      | Reached skill level 5 in Invocations
  5797 | D:5      | Reached XP level 9. HP: 72/72 MP: 12/12
  5981 | D:5      | Killed Menkaure
  5981 | D:5      | Reached skill level 5 in Short Blades
  5981 | D:5      | Reached skill level 5 in Armour
  6016 | D:5      | Found a runed translucent door.
  6017 | D:5      | Noticed Crazy Yiuf
  6023 | D:5      | Killed Crazy Yiuf
  6023 | D:5      | Reached skill level 5 in Fighting
  6201 | D:6      | Noticed Sigmund
  6207 | D:6      | Killed Sigmund
  6248 | D:6      | Found a staircase to the Ecumenical Temple.
  6395 | D:6      | Found a large runed translucent door.
  6396 | D:6      | Found a large runed translucent door.
  6397 | D:6      | Noticed Shinnjin's ghost (novice GrFi)
  6452 | D:6      | Noticed Prince Ribbit
  6469 | D:6      | Killed Prince Ribbit
  6724 | D:6      | Reached skill level 6 in Invocations
  6875 | D:6      | Banished Shinnjin's ghost
  7194 | D:6      | Reached XP level 10. HP: 35/81 MP: 14/14
  7986 | D:7      | Reached **** piety under Lugonu
  8434 | D:7      | Reached skill level 7 in Invocations
  8580 | D:7      | Noticed a cyclops
  8964 | D:7      | Reached skill level 5 in Shields
  8988 | D:7      | Learned a level 1 spell: Freeze
  9487 | D:7      | Got a spiked leather armour
  9489 | D:7      | Identified the +2 leather armour "Nixeynk" {Str+5} (You
                  | found it on level 7 of the Dungeon)
  9570 | D:7      | Killed a cyclops
 10833 | D:9      | Found Nuysumeq's Magic Scroll Shoppe.
 10842 | D:9      | Bought a scroll of enchant armour for 97 gold pieces
 10858 | D:9      | Reached skill level 8 in Invocations
 11147 | D:10     | Entered Level 10 of the Dungeon
 11180 | D:10     | Banished an unseen horror
 11180 | D:10     | Reached XP level 11. HP: 49/89 MP: 17/17
 11411 | D:10     | Noticed a two-headed ogre
 11449 | D:10     | Killed a two-headed ogre
 11976 | D:10     | Found a staircase to the Orcish Mines.
 12483 | D:10     | Found a staircase to the Lair.
 13480 | D:10     | Identified a scroll of acquirement
 13544 | D:10     | Found a portal to a secret trove of treasure.
 13577 | D:10     | Banished an unseen horror
 13735 | Lair:1   | Entered Level 1 of the Lair of Beasts
 14105 | Lair:1   | Reached skill level 9 in Invocations
 14562 | Lair:1   | Reached ***** piety under Lugonu
 15394 | Lair:2   | Found a staircase to the Swamp.
 16283 | Lair:3   | Reached XP level 12. HP: 47/97 MP: 19/19
 17467 | Lair:3   | Noticed Gastronok
 17529 | Lair:3   | Killed Gastronok
 17529 | Lair:3   | Reached skill level 1 in Throwing
 17675 | Lair:3   | Reached skill level 10 in Invocations
 18031 | Lair:3   | Found a hole to the Spider Nest.
 18893 | Lair:4   | Found an ornate altar of the Wu Jian Council.
 19103 | Lair:4   | Noticed a seven-headed hydra
 19120 | Lair:4   | HP: 5/100 [two-headed hydra (12)]
 19121 | Lair:4   | Killed a one-headed hydra
 19838 | Lair:5   | Noticed Rupert
 19880 | Lair:4   | Corrupted Lair:4
 19893 | Lair:4   | Noticed a starcursed mass
 19898 | Lair:4   | Killed Rupert
 20022 | Lair:5   | Noticed a catoblepas
 20024 | Lair:5   | Noticed Urug
 20056 | Lair:4   | Slain by a catoblepas

Levels and vault maps discovered:
D:1:      dpeg_arrival_court, layout_basic
D:2:      layout_loops_cross, nicolae_overflow_hidden_temple, st_stairs_14
D:3:      layout_loops_ring, first_ration
D:4:      layout_loops_corners, nicolae_gozag_zags_fifth_avenue, uniq_natasha,
          uniq_pikel, uniq_eustachio, uniq_blork_the_orc
D:5:      minmay_thick_lines, layout_loops_ring, uniq_menkaure,
          uniq_crazy_yiuf_cottage
D:6:      layout_basic, minmay_temple_entry_sparse_star,
          ebering_ghost_disaster_area, minmay_starry_boxes, uniq_prince_ribbit1,
          uniq_sigmund
D:7:      minmay_chambers_of_sevens, layout_cave_pools
D:8:      layout_rooms
D:9:      layout_basic, serial_shops, shop_fountains
D:10:     layout_roguey, erik_lair_island, enter_trove_6, grunt_pizzeria,
          nicolae_benzene_ring
Lair:1:   layout_roguey, special_room [special_room_bee]
Lair:2:   layout_chaotic_city, skrybe_swamp_entry_bodies, wad_woods_river_01,
          serial_bayou_shore_a
Lair:3:   layout_long_grid, spider_nest_entry_funnel_web, uniq_gastronok
Lair:4:   layout_cave_shapes, basic_altar
Lair:5:   layout_cave_pods, infiniplex_staircase_pool_2, uniq_urug, uniq_rupert

Skill      XL: |  1  2  3  4  5  6  7  8  9 10 11 12 |
---------------+-------------------------------------+-----
Short Blades   | 1 2 3 4 6 7 8 9 |  9.4
Armour         | 2 3 4 5 6 7 |  7.9
Dodging        | 1 2 3 4 |  4.3
Shields        | 1 2 3 4 5 7 |  7.8
Invocations    | 3 4 5 6 8 9 10 | 10.4
Fighting       | 4 5 6 7 |  7.6
Throwing       | 1 |  1.3
Axes           | 2 |  2.2
Ice Magic      | |  0.3
Evocations     | |  0.2

Action                   |  1- 3 |  4- 6 |  7- 9 | 10-12 || total
-------------------------+-------+-------+-------+-------++-------
Melee: Rapier            |   103 |    63 |   336 |   762 ||  1264
       Kick              |    16 |    11 |    74 |   240 ||   341
       Hand axe          |       |       |       |    12 ||    12
Throw: Javelin           |       |       |       |    12 ||    12
Invok: Depart the Abyss  |     1 |       |       |       ||     1
       Banish            |       |       |     2 |     8 ||    10
       Corrupt           |       |       |       |     1 ||     1
Evoke: Wand              |       |       |     2 |       ||     2
  Use: Scroll            |       |     9 |     6 |    14 ||    29
       Potion            |       |       |       |    11 ||    11
 Stab: Sleeping          |       |       |     1 |     7 ||     8
       Distracted        |       |       |     1 |       ||     1
       Invisible         |       |       |       |     6 ||     6
  Eat: Chunk             |     2 |     2 |    16 |    25 ||    45
       Ration            |       |       |       |     5 ||     5
Armor: Leather armour    |    42 |       |       |   238 ||   280
       Ring mail         |    46 |    29 |    46 |       ||   121
       Chain mail        |       |       |   109 |   108 ||   217
       Skin              |       |       |       |    34 ||    34
Dodge: Dodged            |    22 |     9 |    24 |   158 ||   213
Block: Shield            |    52 |    20 |   117 |   354 ||   543

Table legend:
 A = Non-vault XP
 B = Vault XP
 C = Vault XP percentage of total XP
 D = Non-vault monster count
 E = Vault monster count
 F = Vault count percentage of total count
                 A         B        C        D         E       F
            +---------+---------+-------+---------+---------+-------
      Total |   22605 |   12410 |  35.4 |     274 |      75 |  21.5
            +---------+---------+-------+---------+---------+-------
        D:1 |      45 |       0 |   0.0 |      26 |       0 |   0.0
        D:2 |     183 |       2 |   1.1 |      26 |       1 |   3.7
        D:3 |      29 |       0 |   0.0 |      11 |       0 |   0.0
        D:4 |     578 |     949 |  62.1 |      19 |       4 |  17.4
        D:5 |    1030 |     300 |  22.6 |      26 |       5 |  16.1
        D:6 |    1265 |    1041 |  45.1 |      25 |       7 |  21.9
        D:7 |    1566 |    1719 |  52.3 |      35 |      12 |  25.5
        D:8 |     851 |       0 |   0.0 |      10 |       0 |   0.0
        D:9 |    1189 |       0 |   0.0 |      18 |       0 |   0.0
       D:10 |    3465 |     886 |  20.4 |      21 |       9 |  30.0
     Lair:1 |    2281 |    1753 |  43.5 |      14 |      25 |  64.1
     Lair:2 |     288 |    1642 |  85.1 |       2 |       7 |  77.8
     Lair:3 |    4738 |    3590 |  43.1 |      23 |       4 |  14.8
     Lair:4 |    3697 |     528 |  12.5 |      14 |       1 |   6.7
     Lair:5 |    1400 |       0 |   0.0 |       4 |       0 |   0.0
            +---------+---------+-------+---------+---------+-------
